 Dungeon Crawl Stone Soup version 0.26-a0-663-g36e8fdb655 (webtiles) character file.

Game seed: 2366676911812765766

144 marklar909 the Cudgeler (level 5, 0/63 HPs)
             Began as a Formicid Monk on Oct 12, 2020.
             Succumbed to a scorpion's poison
             ... on level 3 of the Dungeon.
             The game lasted 00:03:21 (3868 turns).

marklar909 the Cudgeler (Formicid Monk)             Turns: 3868, Time: 00:03:22

Health: 0/63       AC: 22    Str: 12 (14) XL:     5   Next: 52%
Magic:  14/14      EV:  2    Int:  7 (10) God:
Gold:   210        SH:  0    Dex: 16 (17) Spells: 4/4 levels left

rFire    . . .     SeeInvis .   a - +0 mace
rCold    . . .     Faith    .   (no shield)
rNeg     + + +     Spirit   .   (armour currently unavailable)
rPois    +         Reflect  .   (helmet unavailable)
rElec    .         Harm     .   (cloak currently unavailable)
rCorr    .         Rampage  .   (gloves currently unavailable)
MR       .....                  (boots currently unavailable)
Stlth    +++.......             (no amulet)
HPRegen  0.20/turn              k - ring of magical power
MPRegen  0.14/turn              (no ring)

@: lethally poisoned (0 -> -2), tree-form, stab
A: permanent stasis, dig shafts and tunnels, four strong arms, agile 2, weak 1
a: no special abilities


You were on level 3 of the Dungeon.
You were a tree.
You visited 1 branch of the dungeon, and saw 4 of its levels.

You collected 210 gold pieces.

Inventory:

Hand Weapons
 a - a +0 mace (weapon)
Missiles
 i - 39 bolts
Armour
 j - a +0 chain mail (melded)
Jewellery
 k - a ring of magical power (left branch)
Scrolls
 b - a scroll of noise {unknown}
 e - a scroll of amnesia {unknown}
 f - a scroll of remove curse
 h - a scroll of identify
 l - a scroll of enchant weapon {unknown}
Potions
 d - a potion of stabbing
 n - a potion of mutation
 o - a potion of flight
 p - a potion of haste {unknown}


   Skills:
 + Level 3.9 Fighting
 + Level 4.5 Maces & Flails
 + Level 1.4 Armour
 + Level 2.9 Dodging
 + Level 3.5 Stealth


You had 4 spell levels left.
You didn't know any spells.
Your spell library was empty.

Dungeon Overview and Level Annotations

Branches:
Dungeon (4/15)
 Temple: D:4-7

Altars:
Qazlal
Wu Jian

Shops:
D:4 [

Annotations:
D:3 3 runed translucent doors, Grenfur's ghost, amateur HOMo


Innate Abilities, Weirdness & Mutations

You cannot be hasted, slowed, berserked, paralysed or teleported.
You can dig through walls and to a lower floor.
Your four strong arms can wield two-handed weapons with a shield.
((You have a pair of large antennae on your head. (SInv)))
You are very agile. (Dex +4)
((Your system is resistant to poisons. (rPois)))
You are weak. (Str -2)


Message History

It was a potion of lignification.
You turn into a tree.
Your +0 chain mail melds into your body.
Your roots penetrate the ground.
* * * LOW HITPOINT WARNING * * *
You feel sick.
The scorpion stings you but does no damage.
Okay, then.
You closely miss the scorpion.
The scorpion stings you but does no damage. x2
You barely miss the scorpion.
* * * LOW HITPOINT WARNING * * *
You feel sick.
The scorpion stings you but does no damage.
You hit the scorpion but do no damage.
The orc wizard mumbles some strange words.
The orc wizard flickers and vanishes!
Deactivating autopickup; reactivate with Ctrl-A.
The scorpion stings you but does no damage.
You hit the scorpion but do no damage.
You die...

#.# #.#.# #.# #...# #.#
##..# ####.# #..# #....#
#..# #.#### #..# #### ###
#..# ##8##
#.#########..#######
8...8##.##....♣s{.>......#
.....##.##.######........#
....._#....#...##........#
.....##....#.#.##........#
8...8###.#.........#######
_ ##8## #.#..######.# ## #
#.#..# #.# #.#########.#
#.# #.....#


You could see a scorpion.

Vanquished Creatures
  A worker ant (D:4)
  5 adders
  2 worms
  A dart slug (D:1)
  2 leopard geckos
  4 orcs
  2 ball pythons
  9 bats
  4 giant cockroaches
  7 goblins
  10 hobgoblins
  5 kobolds
  A frilled lizard (D:2)
  9 rats
62 creatures vanquished.

Notes
Turn   | Place    | Note
-------+----------+-------------------------------------------
     0 | D:1      | marklar909 the Formicid Monk began the quest for the Orb.
     0 | D:1      | Reached XP level 1. HP: 18/18 MP: 1/1
   110 | D:1      | Reached XP level 2. HP: 24/24 MP: 2/2
   726 | D:1      | Reached XP level 3. HP: 29/29 MP: 3/3
  1766 | D:2      | Reached XP level 4. HP: 30/37 MP: 4/4
  2345 | D:3      | Reached skill level 1 in Armour
  2476 | D:3      | Reached skill level 4 in Maces & Flails
  2587 | D:3      | Found a stormy altar of Qazlal.
  2599 | D:3      | Found a runed translucent gate.
  2599 | D:3      | Found a runed translucent gate.
  2670 | D:3      | Found a runed translucent gate.
  2670 | D:3      | Noticed Grenfur's ghost (amateur HOMo)
  2751 | D:3      | Reached XP level 5. HP: 42/42 MP: 5/5
  3028 | D:3      | Found an ornate altar of the Wu Jian Council.
  3661 | D:4      | Found Wusap's Antique Armour Boutique.
  3859 | D:3      | Gained mutation: Your system is resistant to poisons.
                  | (rPois) [potion of mutation]
  3859 | D:3      | Gained mutation: You are weak. (Str -2) [potion of
                  | mutation]
  3859 | D:3      | Gained mutation: You are agile. (Dex +2) [potion of
                  | mutation]
  3859 | D:3      | Gained mutation: You are very agile. (Dex +4) [potion of
                  | mutation]
  3861 | D:3      | HP: 2/42 [poisoned by a scorpion]
  3866 | D:3      | HP: 1/63 [poisoned by a scorpion]
  3868 | D:3      | Succumbed to a scorpion's poison

Illustrated notes

Levels and vault maps discovered:
D:1:      lightli_arrival_boilingwater, layout_basic
D:2:      layout_loops_cross
D:3:      layout_basic, nicolae_overflow_hidden_temple,
          gammafunk_ghost_necromancy
D:4:      layout_cave_pools, serial_shops, nicolae_shop_trees,
          ebering_ghost_disaster_area, cheibrodos_gnoll_hut

Skill      XL: |  1  2  3  4 |
---------------+-------------+-----
Stealth        | 3 |  3.5
Armour         | 1 |  1.4
Maces & Flails | 4 |  4.5
Fighting       | |  3.9
Dodging        | |  2.9

Action                   |  1- 3 |  4- 6 || total
-------------------------+-------+-------++-------
Melee: Mace              |    89 |   134 ||   223
  Use: Potion            |       |     6 ||     6
       Scroll            |       |     2 ||     2
 Stab: Sleeping          |     9 |       ||     9
Armor: Robe              |     6 |       ||     6
       Chain mail        |    42 |   100 ||   142
       Skin              |       |     5 ||     5
Dodge: Dodged            |    31 |    63 ||    94

Table legend: (Time is in decaauts)
 A = Elapsed time spent in this place.
 B = Non-inter-level travel time spent in this place.
 C = Inter-level travel time spent in this place.
 D = Time resting spent in this place.
 E = Time spent auto-exploring this place.
 F = Levels seen in this place.
 G = Mean time per level.
                   A        B        C        D        E       F      G
               +--------+--------+--------+--------+--------+-----+--------+
         Total |   3918 |   3708 |    210 |    726 |   2432 |   4 |  979.5 |
       Dungeon |   3918 |   3708 |    210 |    726 |   2432 |   4 |  979.5 |
               +--------+--------+--------+--------+--------+-----+--------+

Top non-repeatable levels by time:
     D:3: 1434 daAuts
     D:1: 1188 daAuts
     D:2: 1165 daAuts
     D:4: 129 daAuts
